 Dungeon Crawl Stone Soup version 0.29-a0-845-g6161e89988 (webtiles) character file.

Game seed: 12859225225477141408

109 frimble the Magician (level 4, -2/30 HPs)
             Began as a Demonspawn Hedge Wizard on July 15, 2022.
             Slain by an iguana (4 damage)
             ... on level 3 of the Dungeon.
             The game lasted 00:04:02 (3680 turns).

frimble the Magician (Demonspawn Hedge Wizard)      Turns: 3680, Time: 00:04:02

Health: -2/30      AC:  2    Str: 12    XL:     4   Next: 60%
Magic:  1/8        EV: 12    Int: 22    God:
Gold:   166        SH:  0    Dex: 12    Spells: 6/9 levels left

rFire   . . .      SeeInvis .     - Unarmed
rCold   . . .      Faith    .   (no shield)
rNeg    . . .      Spirit   .   b - +0 robe
rPois   .          Reflect  .   c - +0 hat
rElec   .          Harm     .   (no cloak)
rCorr   .          Rampage  .   (no gloves)
Will    .....                   (no boots)
Stlth   ++........              (no amulet)
HPRegen 0.10/turn               g - +6 ring of intelligence
MPRegen 0.11/turn               (no ring)

@: about to teleport
A: claws 1, powered by death 1
a: no special abilities


You were on level 3 of the Dungeon.
You visited 1 branch of the dungeon, and saw 3 of its levels.

You collected 166 gold pieces.

Inventory:

Hand Weapons
 a - a +0 dagger of freezing
Armour
 b - a +0 robe (worn)
 c - a +0 hat (worn)
Jewellery
 g - a +6 ring of intelligence (left claw)
Scrolls
 e - 2 scrolls of teleportation
 i - 2 scrolls of identify
 j - 3 scrolls of noise
Potions
 d - a potion of magic
 h - a potion of attraction


   Skills:
 - Level 0.2 Short Blades
 - Level 1.9 Dodging
 - Level 1.9 Stealth
 + Level 2.1 Unarmed Combat
 - Level 3.0 Spellcasting
 + Level 2.6 Conjurations
 - Level 1.2 Summonings
 + Level 1.7 Translocations


You had 6 spell levels left.
You knew the following spells:

 Your Spells              Type           Power      Damage    Failure   Level
a - Magic Dart            Conj           56%        1d5       4%          1
b - Blink                 Tloc           22%        N/A       9%          2

Your spell library contained the following spells:

 Spells                   Type           Power      Damage    Failure   Level
 Call Imp                 Summ           8%         N/A       11%         2
 Slow                     Hex            12%        N/A       12%         1
 Sublimation of Blood     Necr           3%         N/A       19%         2
 Gell's Gravitas          Tloc           11%        N/A       19%         3
 Teleport Other           Tloc           11%        N/A       19%         3
 Conjure Flame            Conj/Fire      9%         6-21      22%         3
 Mephitic Cloud           Conj/Pois/Air  7%         N/A       26%         3
 Petrify                  Tmut/Erth      3%         N/A       77%         4
 Irradiate                Conj/Tmut      4%         3d13      90%         5
 Dispersal                Tloc           5%         N/A       100%        6


Dungeon Overview and Level Annotations

Branches:
Dungeon (3/15)

Altars:
Makhleb

Annotations:
D:3 3 runed translucent doors


Innate Abilities, Weirdness & Mutations

You have sharp fingernails.
You regenerate a little health from kills.


Message History

Okay, then.
It was a potion of heal wounds.
You feel much better.
Aiming: Magic Dart (safe; 4% risk of failure)
Press: ? - help, Q - select action, (/) - cycle Shift-Dir - straight line, f/p - iguana
Aim: an iguana (heavily wounded, 100% to hit)
The magic dart hits the iguana but does no damage.
The iguana is heavily wounded.
You feel stable enough to blink again.
You scratch the iguana.
The iguana is heavily wounded.
The iguana bites you!
You scratch the iguana but do no damage.
The iguana is heavily wounded.
The iguana closely misses you.
You scratch the iguana but do no damage.
The iguana is heavily wounded.
The iguana bites you.
You scratch the iguana but do no damage.
The iguana is heavily wounded.
The iguana bites you!
* * * LOW HITPOINT WARNING * * *
Okay, then.
Casting: Magic Dart (safe; 4% risk of failure)
Confirm with . or Enter, or press ? or * to list all spells.
Okay, then.
Okay, then.
Okay, then.
Unknown command.
Casting: Magic Dart (safe; 4% risk of failure)
Confirm with . or Enter, or press ? or * to list all spells.
Okay, then.
Unknown command.
You aren't carrying any items that you can evoke.
Okay, then.
Unknown command.
As you read the scroll of teleportation, it crumbles to dust.
You feel strangely unstable. The iguana closely misses you.
The iguana barely misses you. The iguana attacks as you move away!
The iguana bites you.
You die...

......#.#....#.#######
......'....#...>......
......#.#.###..########P.......P#
.....##..## ##.###....#⌠.......⌠#
....###.## ##.##.####P.......P#
...## ##.## ##÷###.# #####+++###
#+#### ##.###.####.# #.#.......#
.....# ##.#.###.l.# #.#.[.....#
#.##.#####..####@#.###†##...####
#.##.#..≈..≈.≈.≈≈≈≈≈≈!....≈..≈.#
...#.#≈≈≈≈≈≈.≈≈≈≈≈≈≈≈≈≈≈.≈≈≈≈≈≈..
.......≈♣♣♣≈.≈♣♣♣≈.≈♣♣♣≈.≈♣♣♣≈≈##
...#..≈≈♣ ♣≈.≈♣ ♣≈.≈♣ ♣≈≈≈♣ .#
#..#..≈≈♣♣♣≈≈≈♣♣♣≈≈≈♣ ♣≈≈≈♣
#..#.#≈≈≈≈≈≈.≈≈≈≈≈.≈≈≈≈≈.≈≈≈
.......≈.≈...≈≈≈≈≈≈.≈.g≈.≈...
#..##.≈≈≈≈≈≈.≈≈≈≈≈.≈≈≈≈≈≈≈≈≈≈


You could see an iguana.

Vanquished Creatures
  5 adders
  2 worms (D:2)
  5 ball pythons
  8 endoplasms
  7 hobgoblins
  2 jackals (D:2)
  5 kobolds (D:1)
  3 quokkas
  8 bats
  2 frilled lizards (D:2)
  4 goblins
  5 rats
56 creatures vanquished.

Notes
Turn   | Place    | Note
-------+----------+-------------------------------------------
     0 | D:1      | frimble the Demonspawn Hedge Wizard began the quest for the
                  | Orb.
     0 | D:1      | Reached XP level 1. HP: 13/13 MP: 4/4
   260 | D:1      | Reached skill level 1 in Translocations
   458 | D:1      | Gained mutation: You have sharp fingernails. [demonic
                  | ancestry]
   458 | D:1      | Reached XP level 2. HP: 19/19 MP: 0/6
  1075 | D:1      | Reached skill level 1 in Unarmed Combat
  1239 | D:1      | Found a faded altar of an unknown god.
  1659 | D:2      | Gained mutation: You regenerate a little health from kills.
                  | [demonic ancestry]
  1659 | D:2      | Reached XP level 3. HP: 13/24 MP: 4/7
  2158 | D:2      | Learned a level 2 spell: Blink
  2341 | D:2      | Found a burning altar of Makhleb.
  2966 | D:2      | Reached XP level 4. HP: 27/30 MP: 8/8
  3524 | D:3      | Found a runed translucent gate.
  3525 | D:3      | Found a runed translucent gate.
  3525 | D:3      | Found a runed translucent gate.
  3680 | D:3      | Slain by an iguana

Illustrated notes

Levels and vault maps discovered:
D:1:      amcnicky_arrival_flooded_fountain, layout_loops_cross,
          shapermc_ecumenical_altar_flowoftime
D:2:      layout_basic, basic_altar
D:3:      layout_loops_corners, gammafunk_ghost_cemetery, kennysheep_boxes

Skill      XL: |  1  2  3  4 |
---------------+-------------+-----
Translocations | 1 |  1.7
Unarmed Combat | 1 2 |  2.1
Conjurations   | 2 |  2.6
Short Blades   | |  0.2
Dodging        | |  1.9
Stealth        | |  1.9
Spellcasting   | |  3.0
Summonings     | |  1.2

Action                   |  1- 3 |  4- 6 || total
-------------------------+-------+-------++-------
Melee: Dagger            |    53 |       ||    53
       Punch             |     2 |       ||     2
       Unarmed           |    59 |    46 ||   105
 Cast: Magic Dart        |    50 |    31 ||    81
       Blink             |       |     2 ||     2
  Use: Scroll            |       |     6 ||     6
       Potion            |       |     2 ||     2
 Stab: Sleeping          |     7 |       ||     7
Armor: Robe              |    25 |    11 ||    36
Dodge: Dodged            |    77 |    38 ||   115

Table legend: (Time is in decaauts)
 A = Elapsed time spent in this place.
 B = Non-inter-level travel time spent in this place.
 C = Inter-level travel time spent in this place.
 D = Time resting spent in this place.
 E = Time spent auto-exploring this place.
 F = Levels seen in this place.
 G = Mean time per level.
                   A        B        C        D        E       F      G
               +--------+--------+--------+--------+--------+-----+--------+
         Total |   3684 |   3648 |     36 |      3 |   3173 |   3 | 1228.0 |
       Dungeon |   3684 |   3648 |     36 |      3 |   3173 |   3 | 1228.0 |
               +--------+--------+--------+--------+--------+-----+--------+

Top non-repeatable levels by time:
     D:1: 1523 daAuts
     D:2: 1515 daAuts
     D:3: 645 daAuts
